 Dungeon Crawl Stone Soup version bcrawl-1.18.1 (webtiles) character file.

Game seed: 11135664124360877436

424 Freyura the Cudgeler (level 6, -4/47 HPs)
             Began as a Demonspawn Gladiator on Nov 13, 2019.
             Slain by a big kobold
             ... wielding a +0 whip of distortion
              (20 damage)
             ... on level 3 of the Dungeon.
             The game lasted 00:09:01 (2648 turns).

Freyura the Cudgeler (Demonspawn Gladiator)         Turns: 2648, Time: 00:09:02

Health: -4/47      AC: 11    Str: 14    XL:     6   Next: 64%
Magic:  6/6        EV: 12    Int: 10    God:
Gold:   263        SH:  0    Dex: 16    Spells: 5/5 levels left

rFire    . . .     SeeInvis .   a - +0 flail
rCold    . . .     Gourm    .   (no shield)
rNeg     . . .     Faith    .   k - +0 ring mail
rPois    .         Spirit   .   c - +2 helmet
rElec    .         Reflect  .   (no cloak)
rCorr    .         Harm     .   (no gloves)
MR       .....                  i - +2 pair of boots
Stlth    +.........             (no amulet)
HPRegen  0.15/turn              (no ring)
MPRegen  0.10/turn              (no ring)

@: lethally poisoned (-4 -> -10)
A: powered by pain 2, spiny 3
a: no special abilities


You were on level 3 of the Dungeon.
You were not hungry.

You visited 1 branch of the dungeon, and saw 3 of its levels.

You collected 263 gold pieces.

Inventory:

Hand Weapons
 a - a +0 flail (weapon)
Missiles
 d - 3 throwing nets (quivered) {!f}
Armour
 c - a +2 helmet (worn)
 i - a +2 pair of boots (worn)
 k - a +0 ring mail (worn)
 r - a +0 chain mail
Scrolls
 h - 2 scrolls of identify {unknown}
 l - a scroll of enchant weapon {unknown}
 n - 2 scrolls of teleportation
 o - a scroll of fear {unknown}
 p - 2 scrolls of remove curse
Potions
 b - a potion of degeneration {unknown}
 g - 2 potions of brilliance {unknown}
 j - a potion of ambrosia {unknown}
 m - 4 potions of might {unknown}
 q - a potion of agility {unknown}
 t - 2 potions of curing {unknown}
Comestibles
 f - 4 rations {!d}


   Skills:
 + Level 3.5 Fighting
 * Level 4.8 Maces & Flails
 - Level 1.7 Throwing
 + Level 2.5 Armour
 + Level 3.8 Dodging


You had 5 spell levels left.
You didn't know any spells.
Your spell library contained the following spells:

 Spells                   Type           Power        Failure   Level  Hunger
 Apportation              Tloc           #.....       58%         1    ##.....
 Infusion                 Chrm           #.......     58%         1    ##.....
 Magic Dart               Conj           #...         58%         1    ##.....
 Sandblast                Erth           #.....       58%         1    ##.....
 Slow                     Hex            #.......     58%         1    ##.....
 Summon Butterflies       Summ           #.......     58%         1    ##.....
 Blink                    Tloc           N/A          75%         2    ###....
 Call Imp                 Summ           #.....       75%         2    ###....
 Conjure Flame            Conj/Fire      #.......     92%         3    ####...
 Mephitic Cloud           Conj/Pois/Air  #.......     92%         3    ####...
 Spider Form              Tmut/Pois      #..          92%         3    ####...


Dungeon Overview and Level Annotations

Branches:
Dungeon (3/12)

Altars:

Annotations:
D:3 Revguard's ghost, amateur DsAc


Innate Abilities, Weirdness & Mutations

You sometimes gain power by taking damage.
You are completely covered in sharp spines.


Message History

You closely miss the big kobold.
The big kobold is lightly wounded.
You feel sick.
The big kobold hits you but does no damage. x2
You blink.
You feel sick.
You feel sick.
You completely miss the big kobold.
The big kobold is lightly wounded.
You feel sick.
The big kobold is struck by your spines.
The big kobold hits you but does no damage.
Space bends around you.
You barely miss the big kobold.
The big kobold is moderately wounded.
You feel sick.
The big kobold is struck by your spines.
The big kobold hits you but does no damage.
Space warps horribly around you!!
You die...

#.##'''##.....
#..=.W........
#..K.....#....
#........#....
#K............
######........#....
#...##........#..).
###.#K##KW......#####
#...@KKK......>......
#####.##........#####
#.##........#
#.########### #.# #.#
#.# #.##########
#.##.......######


You could see a big kobold, Revguard's ghost and 4 kobolds.

Vanquished Creatures
  Grinder (D:3)
  A big kobold (D:3)
  Jessica (D:3)
  A worker ant zombie (D:3)
  Robin (D:3)
  An adder (D:2)
  A worm (D:2)
  3 dart slugs
  7 leopard geckos
  5 orcs (D:3)
  2 giant cockroaches
  19 goblins
  11 hobgoblins
  7 jackals
  11 kobolds
  A quokka (D:2)
  7 bats
  2 frilled lizards (D:1)
  4 rats
86 creatures vanquished.

Vanquished Creatures (others)
  4 fungi (D:3)
4 creatures vanquished.

Grand Total: 90 creatures vanquished

Notes
Turn   | Place    | Note
-------+----------+-------------------------------------------
     0 | D:1      | Freyura the Demonspawn Gladiator began the quest for the
                  | Orb.
     0 | D:1      | Reached XP level 1. HP: 16/16 MP: 1/1
   100 | D:1      | Gained mutation: You sometimes gain a little power by
                  | taking damage. [demonic ancestry]
   100 | D:1      | Reached XP level 2. HP: 19/22 MP: 2/2
   191 | D:1      | Reached skill level 3 in Maces & Flails
   782 | D:1      | Gained mutation: You are partially covered in sharp spines.
                  | [demonic ancestry]
   782 | D:1      | Reached XP level 3. HP: 28/28 MP: 3/3
   918 | D:1      | Reached skill level 1 in Armour
  1378 | D:2      | Gained mutation: You are mostly covered in sharp spines.
                  | [demonic ancestry]
  1378 | D:2      | Reached XP level 4. HP: 33/34 MP: 4/4
  1675 | D:3      | Noticed Robin
  1704 | D:3      | Killed Robin
  1981 | D:3      | Found a runed translucent gate.
  1988 | D:3      | Gained mutation: You are completely covered in sharp
                  | spines. [demonic ancestry]
  1988 | D:3      | Reached XP level 5. HP: 40/40 MP: 5/5
  2021 | D:3      | Noticed Jessica
  2024 | D:3      | Killed Jessica
  2024 | D:3      | Reached skill level 4 in Maces & Flails
  2035 | D:3      | Found a runed translucent gate.
  2036 | D:3      | Found a runed translucent gate.
  2036 | D:3      | Identified the +9 dagger of the Thirteen Runes {venom,
                  | rElec SInv}
  2038 | D:3      | Noticed Revguard's ghost (amateur DsAc)
  2250 | D:3      | Noticed Grinder
  2260 | D:3      | Killed Grinder
  2260 | D:3      | Gained mutation: You sometimes gain power by taking damage.
                  | [demonic ancestry]
  2260 | D:3      | Reached XP level 6. HP: 34/47 MP: 6/6
  2648 | D:3      | Slain by a big kobold

Skill      XL: |  1  2  3  4  5 |
---------------+----------------+-----
Maces & Flails | 3 4 |  4.8
Dodging        | 3 |  3.8
Armour         | 1 2 |  2.5
Fighting       | 3 |  3.5
Throwing       | |  1.7

Action                   |  1- 3 |  4- 6 || total
-------------------------+-------+-------++-------
Melee: Flail             |   105 |    88 ||   193
  Use: Scroll            |       |     6 ||     6
  Eat: Chunk             |     2 |     2 ||     4
       Ration            |       |     1 ||     1
Armor: Leather armour    |    16 |       ||    16
       Ring mail         |    26 |    31 ||    57
Dodge: Dodged            |    93 |    54 ||   147
